 Dungeon Crawl Stone Soup version 0.27-a0-1177-g245c70e (webtiles) character file.

Game seed: 8634136429710906063

57 Meow the Stinger (level 4, 28/36 HPs)
             Began as a Naga Venom Mage on May 16, 2021.
             Quit the game on level 2 of the Dungeon.
             The game lasted 00:03:03 (820 turns).

Meow the Stinger (Naga Venom Mage)                   Turns: 820, Time: 00:03:04

Health: 28/36      AC:  2    Str: 10    XL:     4   Next: 0%
Magic:  4/8        EV: 10    Int: 16    God:
Gold:   40         SH:  0    Dex: 12    Spells: 5/9 levels left

rFire    . . .     SeeInvis +   a - +0 short sword
rCold    . . .     Faith    .   (no shield)
rNeg     . . .     Spirit   .   d - +0 robe
rPois    +         Reflect  .   (no helmet)
rElec    .         Harm     .   (no cloak)
rCorr    .         Rampage  .   (no gloves)
Will     .....                  (no barding)
Stlth    ++........             (no amulet)
HPRegen  0.12/turn              (no ring)
MPRegen  0.11/turn              (no ring)

@: very slow
A: AC +1, large, see invisible, deformed body, poison resistance, slowness 2,
spit poison 1, naga tail 1
a: Spit Poison


You were on level 2 of the Dungeon.
You visited 1 branch of the dungeon, and saw 2 of its levels.

You collected 40 gold pieces.

Inventory:

Hand Weapons
 a - a +0 short sword (weapon)
Missiles
 f - 20 poisoned darts
 i - 15 stones
Armour
 d - a +0 robe (worn)
Scrolls
 c - a scroll of identify {unknown}
 h - a scroll of teleportation {unknown}
 k - a scroll of amnesia {unknown}
Potions
 b - 3 potions of flight
 e - a potion of magic {unknown}
 g - a potion of haste {unknown}
 j - a potion of degeneration {unknown}


   Skills:
 - Level 1.5 Dodging
 - Level 3.0 Stealth
 + Level 3.0 Spellcasting
 - Level 1.0 Transmutations
 + Level 5.2 Poison Magic


You had 5 spell levels left.
You knew the following spells:

 Your Spells              Type           Power      Damage    Failure   Level
a - Sting                 Tmut/Pois      48%        1d5       4%          1
c - Mephitic Cloud        Conj/Pois/Air  8%         N/A       26%         3

Your spell library contained the following spells:

 Spells                   Type           Power      Damage    Failure   Level
 Poisonous Vapours        Pois/Air       20%        N/A       10%         2
 Olgreb's Toxic Radiance  Pois           19%        N/A       22%         4
 Ignite Poison            Fire/Tmut/Pois 9%         N/A       24%         3


Dungeon Overview and Level Annotations

Branches:
Dungeon (2/15)

Altars:


Innate Abilities, Weirdness & Mutations

Your serpentine skin is tough. (AC +1)
You have supernaturally acute eyesight. (SInv)
Armour fits poorly on your strangely shaped body.
Your system is resistant to poisons. (rPois)
You cover ground very slowly.
You can spit poison.
You have a snake-like lower body.


Message History

k - a scroll labelled XACUHISEPT You open the door.
A quokka comes into view.
Press: ? - help, Shift-Dir - straight line, f - quokka
Aim: a quokka (asleep)
The splash of poison hits the quokka.
The quokka is poisoned.
The quokka is heavily wounded.
Unknown command.
Casting: Sting (safe; 5% risk of failure)
Confirm with . or Enter, or press ? or * to list all spells.
Aiming: Sting (safe; 5% risk of failure)
Press: ? - help, Shift-Dir - straight line, f/p - quokka
Aim: a quokka (heavily wounded, poisoned, 60% to hit)
The sting misses the quokka.
The quokka bites you.
Casting: Sting (safe; 5% risk of failure)
Confirm with . or Enter, or press ? or * to list all spells.
Aiming: Sting (safe; 5% risk of failure)
Press: ? - help, Shift-Dir - straight line, f/p - quokka
Aim: a quokka (heavily wounded, poisoned, 60% to hit)
The sting hits the quokka but does no damage.
The quokka looks even sicker.
The quokka is heavily wounded.
The quokka closely misses you.
Casting: Sting (safe; 5% risk of failure)
Confirm with . or Enter, or press ? or * to list all spells.
Aiming: Sting (safe; 5% risk of failure)
Press: ? - help, Shift-Dir - straight line, f/p - quokka
Aim: a quokka (heavily wounded, very poisoned, 60% to hit)
The sting hits the quokka.
The quokka looks even sicker.
The quokka is almost dead.
The quokka bites you.
Unknown command.
The quokka barely misses you. The quokka barely misses you.
You have got your breath back.
You kill the quokka!
You have reached level 4!
You feel agile.
There is an open door here.
Are you sure you want to abandon this character and quit the game? (Confirm with "yes".)

##.##.#####.......#
#.##.............#
#.######.........#
##+# ##.......##
##...## #.......##
##.....## #.##....#
##.......###.##..#.#
#.........##.#...#.#
+.........@........#
#.........##.#...#.#
##......†###.##..#.#
##.....## #........
##...## #........#
##'## ##.##.##.# #.
.# .# .# #. .# .# #
..


There were no monsters in sight!

Vanquished Creatures
  A hound (D:2)
  A worm (D:2)
  2 dart slugs (D:1)
  A ball python (D:1)
  An endoplasm (D:1)
  2 hobgoblins
  5 jackals
  2 quokkas
  A bat (D:2)
  A frilled lizard (D:2)
  A kobold (D:1)
  2 rats (D:2)
20 creatures vanquished.

Notes
Turn   | Place    | Note
-------+----------+-------------------------------------------
     0 | D:1      | Meow the Naga Venom Mage began the quest for the Orb.
     0 | D:1      | Reached XP level 1. HP: 15/15 MP: 3/3
   276 | D:1      | Reached XP level 2. HP: 22/22 MP: 5/5
   635 | D:2      | Reached XP level 3. HP: 28/28 MP: 6/6
   639 | D:2      | Learned a level 3 spell: Mephitic Cloud
   805 | D:2      | Reached skill level 5 in Poison Magic
   820 | D:2      | Reached XP level 4. HP: 28/36 MP: 4/8
   820 | D:2      | Quit the game

Illustrated notes

Levels and vault maps discovered:
D:1:      matt_arrival_diagonals, layout_basic, hangedman_decor_clover_reticule
D:2:      layout_loops_corners, basic_altar, shapermc_ecumenical_altar_venn

Skill      XL: |  1  2  3 |
---------------+----------+-----
Spellcasting   | 3 |  3.0
Poison Magic   | 5 |  5.2
Dodging        | |  1.5
Stealth        | |  3.0
Transmutations | |  1.0

Action                   |  1- 3 |  4- 6 || total
-------------------------+-------+-------++-------
Melee: Short sword       |     1 |       ||     1
 Cast: Sting             |    10 |       ||    10
 Abil: Spit Poison       |    23 |       ||    23
  Use: Potion            |     1 |       ||     1
Dodge: Dodged            |     3 |       ||     3

Table legend: (Time is in decaauts)
 A = Elapsed time spent in this place.
 B = Non-inter-level travel time spent in this place.
 C = Inter-level travel time spent in this place.
 D = Time resting spent in this place.
 E = Time spent auto-exploring this place.
 F = Levels seen in this place.
 G = Mean time per level.
                   A        B        C        D        E       F      G
               +--------+--------+--------+--------+--------+-----+--------+
         Total |   1102 |   1032 |     70 |     38 |    818 |   2 |  551.0 |
       Dungeon |   1102 |   1032 |     70 |     38 |    818 |   2 |  551.0 |
               +--------+--------+--------+--------+--------+-----+--------+

Top non-repeatable levels by time:
     D:1: 766 daAuts
     D:2: 336 daAuts
